 Dungeon Crawl Stone Soup version 0.31-a0-431-g88bdf31460 (webtiles) character file.

Game seed: 17423138711035491929

1421 Flugkiller the Caller (level 8, 0/43 (46) HPs)
             Began as a Deep Elf Shapeshifter on July 31, 2023.
             Was a Follower of Ru.
             Slain by a wight
             ... wielding a +0 halberd
              (7 damage)
             ... on level 6 of the Dungeon.
             The game lasted 00:11:16 (5878 turns).

Flugkiller the Caller (Deep Elf Shapeshifter)       Turns: 5878, Time: 00:11:17

HP:   0/43 (46)     AC:  4    Str: 12      XL:     8   Next: 44%
MP:   17/17         EV: 12    Int: 14      God:    Ru [*.....]
Gold: 340           SH:  4    Dex: 15 (17) Spells: 8/16 levels left

rFire   . . .        m - +2 dagger (venom)
rCold   + . .        l - +0 buckler
rNeg    + . .        u - +2 robe {rC+}
rPois   .            (helmet currently unavailable)
rElec   .            (cloak currently unavailable)
rCorr   .            (gloves currently unavailable)
SInv    .            (boots currently unavailable)
Will    .....        (no amulet)
Stlth   ++           f - ring of positive energy
HPRegen 0.27/turn    j - +4 ring of slaying
MPRegen 0.15/turn

%: no passive effects
@: beast-form, drained
A: beast (slay +2), unskilled 1
a: Begin Untransformation, Renounce Religion


You were on level 6 of the Dungeon.
You worshipped Ru.
Ru was aware of your devotion.
You were a hulking beast.
You visited 2 branches of the dungeon, and saw 7 of its levels.

You collected 340 gold pieces.

Inventory:

Hand Weapons
 m - a +2 dagger of venom (weapon)
   (You took it off an orc wizard on level 5 of the Dungeon)
 n - a +4 dagger
   (You took it off a goblin on level 4 of the Dungeon)
Missiles
 k - 12 poisoned darts
Armour
 b - the +0 helmet "Hibuylib" {Rampage rPois Int+4 Stlth+}
   (You took it off Robin on level 1 of the Dungeon)

   Int:       It affects your intelligence (+4).
   rPois:     It protects you from poison.
   Rampage:   It bestows one free step when moving towards enemies.
   Stlth:     It makes you more stealthy.
 d - a +0 scale mail
   (You found it on level 1 of the Dungeon)
 l - a +0 buckler (worn)
   (You found it on level 4 of the Dungeon)
 o - a +0 cloak
   (You found it on level 2 of the Dungeon)
 p - a +0 pair of boots
   (You found it on level 1 of the Dungeon)
 u - a +2 robe of cold resistance (worn)
   (You took it off Sigmund on level 2 of the Dungeon)
Jewellery
 f - a ring of positive energy (left hand)
   (You found it on level 1 of the Dungeon)
 j - a +4 ring of slaying (right hand)
   (You found it on level 4 of the Dungeon)
Talismans
 c - a beast talisman (active)
Wands
 g - a wand of iceblast (10)
   (You found it on level 5 of the Dungeon)
 i - a wand of quicksilver (7)
   (You took it off Ijyb on level 4 of the Dungeon)
Scrolls
 a - 2 scrolls of vulnerability
 q - a scroll of revelation {unknown}
 s - a scroll of immolation
 v - a scroll of poison
Potions
 e - a potion of lignification
 h - a potion of haste
 r - a potion of degeneration {unknown}
 t - a potion of enlightenment


   Skills:
 - Level 3.4 Fighting
 - Level 3.6 Dodging
 - Level 0.8 Stealth
 - Level 2.3 Unarmed Combat
 - Level 4.6 Spellcasting
 + Level 5.2 Summonings
 + Level 4.8 Air Magic
 - Level 3.0 Shapeshifting


You had 8 spell levels left.
You knew the following spells:

 Your Spells              Type           Power      Damage    Failure   Level
a - Summon Lightning Spi  Summ/Air       17%        N/A       32%         4
b - Airstrike             Air            8%         2d(2-18)  34%         4

Your spell library contained the following spells:

 Spells                   Type           Power      Damage    Failure   Level
 Static Discharge         Conj/Air       20%        2-3/arc   14%         2
 Dazzling Flash           Conj/Hex       6%         N/A       63%         3
 Stone Arrow              Conj/Erth      6%         3d7       63%         3
 Volatile Blastmotes      Fire/Tloc      6%         2d10      63%         3
 Animate Armour           Summ/Erth      20%        N/A       65%         4
 Starburst                Conj/Fire      1%         6d3       100%        6
 Lehudib's Crystal Spear  Conj/Erth      1%         10d2      100%        8
 Maxwell's Capacitive Co  Air            8%         ∞         100%        8


Dungeon Overview and Level Annotations

Branches:
Dungeon (6/15) Zot: 26704  Temple (1/1) D:5 Zot: 5929

Altars:
Ashenzari
Cheibriados
Dithmenos
Elyvilon
Fedhas
Gozag
Hepliaklqana
Makhleb
Nemelex Xobeh
Okawaru
Ru
Trog
Uskayaw
Vehumet
Xom
Zin
The Shining One

Annotations:
D:4 Edmund


Innate Abilities, Weirdness & Mutations

You are a hulking beast.
Your limbs bulge with bestial killing power. (Slay +2)
You are somewhat unskilled. (-1 Apt)


Message History

There is an open door here.
Found a chain mail and a pair of boots.
A hound comes into view.
Found a ring mail.
Found a stone staircase leading down.
The hound barks!
Found a scroll of poison.
The hound attacks as you move away! The hound barely misses you.
You see here a +0 chain mail.
The hound closely misses you. The hound barely misses you.
You closely miss the hound. The hound misses you.
The hound bites you but does no damage.
You hit the hound.
The hound is lightly wounded.
The hound misses you.
You hit the hound.
The hound is moderately wounded.
The hound stops to sniff the ground.
The hound is stunned by your conviction and fails to attack.
A quasit comes into view.
The hound bites you.
You closely miss the hound.
The hound is moderately wounded.
The hound closely misses you.
You miss the hound.
The hound is moderately wounded.
The hound bites you but does no damage. The hound misses you.
You hit the hound.
The hound is poisoned.
The hound is heavily wounded.
The hound misses you. The hound barely misses you.
You hit the hound.
The hound looks as sick as possible!
The hound is almost dead.
The hound bites you but does no damage.
You miss the hound.
The hound is almost dead.
You kill the hound!
You hit the quasit.
The quasit is lightly wounded.
The quasit bites you.
You feel clumsy. The quasit closely misses you.
The quasit claws you but does no damage.
The quasit barely misses you. The quasit closely misses you.
The quasit claws you but does no damage.
You puncture the quasit!
The quasit is severely wounded.
The quasit misses you. You block the quasit's attack.
The quasit claws you but does no damage.
You miss the quasit.
The quasit is severely wounded.
The quasit bites you.
The quasit claws you but does no damage.
The quasit misses you.
You closely miss the quasit.
The quasit is severely wounded.
The quasit barely misses you. The quasit closely misses you.
The quasit barely misses you. You block the quasit's attack.
The quasit closely misses you. The quasit misses you.
You hit the quasit.
The quasit is poisoned.
The quasit is severely wounded.
The quasit bites you but does no damage.
The quasit barely misses you. The quasit claws you.
You feel clumsy.
You puncture the quasit!
You kill the quasit!
You start resting.
HP restored.
A wight comes into view. It is wielding a +0 halberd.
You see here a scroll of poison.
A wight is nearby!
A wight is nearby!
v - a scroll of poison
Things that are here:
a +0 chain mail; a hound corpse The wight hits you with a +0 halberd!
You partially resist.
You feel drained.
You hit the wight but do no damage. The wight barely misses you.
The wight completely misses you.
You closely miss the wight. You block the wight's attack.
You hit the wight.
The wight is lightly damaged.
The wight barely misses you.
You hit the wight but do no damage.
The wight is lightly damaged.
The wight hits you with a +0 halberd!
You hit the wight.
The wight is moderately damaged.
The wight closely misses you.
You are too injured to fight recklessly!
You hit the wight but do no damage.
The wight is moderately damaged.
The wight hits you with a +0 halberd!
You closely miss the wight.
The wight is moderately damaged.
The wight hits you with a +0 halberd!
* * * LOW HITPOINT WARNING * * *
You partially resist.
You feel drained.
* * * LOW HITPOINT WARNING * * *
Okay, then.
The wight hits you from afar with a +0 halberd!
You die...

..................
#.#[#####.#....#
#.........#.###.#
#####...........#
#.....#.#### #.
#....[#.#
#.#####.###z#.#
#.........#.#.#
#.........#h#.#
#.........#.#.#
#.........#.#.####
#.........#......#
#.........###.##.#
#.#####'#####.##.#
#.............##.#
5♣#.............##.#
#Y#.............##.#


You could see a wight.

Vanquished Creatures
  Sigmund (D:2)
  Eustachio (D:5)
  Menkaure (D:4)
  A black bear (D:5)
  2 phantoms (D:4)
  A centaur (D:5)
  A quasit (D:6)
  6 hounds
  4 iron imps (D:5)
  A sleepcap (D:4)
  Ijyb (D:4)
  2 iguanas
  3 orc wizards
  Robin (D:1)
  4 gnolls (D:5)
  5 adders
  A white imp (D:6)
  An ufetubus (D:5)
  4 worms
  A dart slug (D:3)
  8 orcs
  4 endoplasms
  5 giant cockroaches
  17 goblins
  7 hobgoblins
  2 jackals (D:4)
  2 quokkas
  4 ball pythons
  3 bats
  5 frilled lizards
  3 kobolds (D:1)
  3 rats
  A spectral kobold (D:3)
106 creatures vanquished.

Notes
Turn   | Place    | Note
-------+----------+-------------------------------------------
     0 | D:1      | Flugkiller the Deep Elf Shapeshifter began the quest for
                  | the Orb.
     0 | D:1      | Reached XP level 1. HP: 11/11 MP: 3/3
    60 | D:1      | Reached skill level 1 in Fighting
    60 | D:1      | Reached skill level 1 in Stealth
   172 | D:1      | Reached XP level 2. HP: 3/16 MP: 4/4
   571 | D:2      | Identified the +0 helmet "Hibuylib" {Rampage rPois Int+4
                  | Stlth+}
   571 | D:2      | Noticed Robin
   742 | D:1      | Reached XP level 3. HP: 6/21 MP: 5/5
   905 | D:1      | Killed Robin
  1186 | D:2      | Noticed Sigmund
  1242 | D:2      | Reached XP level 4. HP: 26/26 MP: 5/7
  1647 | D:3      | Reached skill level 1 in Spellcasting
  1652 | D:3      | Learned a level 4 spell: Summon Lightning Spire
  1953 | D:3      | Found a faded altar of an unknown god.
  2029 | D:4      | Noticed Menkaure
  2136 | D:4      | Noticed a phantom
  2158 | D:4      | Killed a phantom
  2159 | D:4      | Reached skill level 1 in Summonings
  2159 | D:4      | Reached skill level 1 in Air Magic
  2159 | D:4      | Reached XP level 5. HP: 13/31 MP: 8/10
  2279 | D:4      | Noticed an ogre
  2387 | D:4      | Killed Menkaure
  2388 | D:4      | Reached skill level 2 in Summonings
  2388 | D:4      | Reached XP level 6. HP: 35/36 MP: 10/12
  2421 | D:4      | Found a shadowy altar of Dithmenos.
  2422 | D:4      | Found a hazy altar of Hepliaklqana.
  2424 | D:4      | Noticed a shadow
  2450 | D:4      | Noticed Eustachio
  2485 | D:5      | Entered Level 5 of the Dungeon
  2485 | D:5      | Found a staircase to the Ecumenical Temple.
  2584 | Temple   | Entered the Ecumenical Temple
  2619 | Temple   | Became a worshipper of Ru the Awakened
  3110 | D:4      | Learned a level 4 spell: Airstrike
  3267 | D:4      | Noticed Ijyb
  3293 | D:4      | Killed Ijyb
  3294 | D:4      | Reached skill level 3 in Summonings
  3590 | D:4      | Reached XP level 7. HP: 41/41 MP: 14/14
  3621 | D:4      | Noticed Edmund
  3844 | D:2      | Killed Sigmund
  4162 | D:5      | Found a snail-covered altar of Cheibriados.
  4578 | D:5      | Reached skill level 4 in Summonings
  4602 | D:5      | Reached skill level 5 in Spellcasting
  4909 | D:5      | Killed Eustachio
  4910 | D:5      | Reached XP level 8. HP: 48/48 MP: 17/17
  5047 | D:5      | Reached skill level 5 in Summonings
  5122 | D:5      | Found a burning altar of Makhleb.
  5186 | D:5      | Gained mutation: You are somewhat unskilled. (-1 Apt) [Ru
                  | sacrifice]
  5186 | D:5      | Reduced skill Summonings to level 4
  5186 | D:5      | Reached * piety under Ru
  5372 | D:5      | Reached skill level 5 in Summonings
  5691 | D:6      | Found an opulent altar of Gozag.
  5878 | D:6      | Slain by a wight

Illustrated notes

Levels and vault maps discovered:
D:1:      dpeg_arrival_castle, layout_rooms
D:2:      layout_rooms, uniq_robin, uniq_sigmund
D:3:      layout_loops_ring, dreamdust_ecumenical_altar_drowned_temple
D:4:      layout_cave_pools, riverfiend_overflow_shadow_ancestor,
          minmay_quantized, uniq_menkaure, uniq_edmund, uniq_ijyb,
          uniq_eustachio
D:5:      layout_basic, slow_altar_1, demons_altar,
          minmay_temple_entry_statues_pillars,
          hangedman_abyss_or_decor_lesser_grid
D:6:      layout_basic, nicolae_gozag_cash_rules_everything_around_me,
          serial_demonic, serial_demonic_b, serial_demonic_e, serial_demonic_c,
          serial_demonic_g, uniq_crazy_yiuf_cottage
Temple:   minmay_temple_bridge_abc

Skill      XL: |  1  2  3  4  5  6  7  8 |
---------------+-------------------------+-----
Fighting       | 1 2 3 |  3.4
Stealth        | 1 0 |  0.8
Dodging        | 3 4 3 |  3.6
Spellcasting   | 2 3 5 4 |  4.6
Summonings     | 1 2 3 4 5 |  5.2
Air Magic      | 1 2 4 |  4.8
Unarmed Combat | |  2.3
Shapeshifting  | |  3.0

Action                     |  1- 3 |  4- 6 |  7- 9 || total
---------------------------+-------+-------+-------++-------
  Melee: Unarmed           |    90 |   132 |       ||   222
         Broad axe         |     4 |       |       ||     4
         Punch             |     4 |     4 |       ||     8
         Dagger            |       |    26 |   148 ||   174
 Invoke: Sacrifice Skill   |       |       |     1 ||     1
  Evoke: Wand              |       |       |     1 ||     1
    Use: Potion            |     4 |     2 |     1 ||     7
         Scroll            |       |     2 |     2 ||     4
 Armour: Animal skin       |     6 |       |       ||     6
         Ring mail         |    36 |    73 |     2 ||   111
         Skin              |     4 |       |       ||     4
         Robe              |       |       |    28 ||    28
  Dodge: Dodged            |    91 |   112 |   101 ||   304
  Block: Buckler           |       |     6 |    35 ||    41

Table legend: (Time is in decaauts)
 A = Elapsed time spent in this place.
 B = Non-inter-level travel time spent in this place.
 C = Inter-level travel time spent in this place.
 D = Time resting spent in this place.
 E = Time spent auto-exploring this place.
 F = Levels seen in this place.
 G = Mean time per level.
                   A        B        C        D        E       F      G
               +--------+--------+--------+--------+--------+-----+--------+
         Total |   5914 |   5530 |    384 |   1845 |   1915 |   7 |  844.9 |
       Dungeon |   5843 |   5527 |    316 |   1845 |   1915 |   6 |  973.8 |
        Temple |     70 |      2 |     68 |      0 |      0 |   1 |   70.0 |
               +--------+--------+--------+--------+--------+-----+--------+

Top non-repeatable levels by time:
     D:5: 1539 daAuts
     D:4: 1409 daAuts
     D:3: 1086 daAuts
     D:1: 880 daAuts
     D:2: 633 daAuts
     D:6: 295 daAuts
  Temple: 70 daAuts
